 Dungeon Crawl Stone Soup version 0.27.1-2-g3b301248ec (webtiles) character file.

Game seed: 4387311504006303020

100 Eitelfritz the Shield-Bearer (level 4, -1/42 HPs)
             Began as a Deep Dwarf Fighter on Oct 1, 2021.
             Was an Initiate of Elyvilon.
             Slain by an adder (3 damage)
             ... on level 3 of the Dungeon.
             The game lasted 00:05:01 (1356 turns).

Eitelfritz the Shield-Bearer (Deep Dwarf Fighter)   Turns: 1356, Time: 00:05:02

Health: -1/42      AC:  8    Str: 21    XL:     4   Next: 47%
Magic:  4/4        EV:  7    Int:  8    God:    Elyvilon [......]
Gold:   100        SH:  9    Dex: 12    Spells: 3/3 levels left

rFire    . . .     SeeInvis .   a - +0 war axe
rCold    . . .     Faith    .   c - +0 kite shield
rNeg     . . .     Spirit   .   n - +0 scale mail
rPois    .         Reflect  .   (no helmet)
rElec    .         Harm     .   e - +0 cloak
rCorr    .         Rampage  .   (no gloves)
Will     .....                  (no boots)
Stlth    ..........             (no amulet)
HPRegen  0.00/turn              (no ring)
MPRegen  0.09/turn              (no ring)

@: lethally poisoned (-1 -> -1)
A: damage resistance, heal wounds, sense surroundings 1, no regeneration
a: Heal Wounds, Renounce Religion


You were on level 3 of the Dungeon.
You worshipped Elyvilon.
Elyvilon was noncommittal.
You visited 1 branch of the dungeon, and saw 3 of its levels.

You collected 100 gold pieces.

Inventory:

Hand Weapons
 a - a +0 war axe (weapon)
 b - a +0 hunting sling
Missiles
 o - 37 stones
Armour
 c - a +0 kite shield (worn)
 e - a +0 cloak (worn)
 n - a +0 scale mail (worn)
Jewellery
 q - a ring of magical power
Scrolls
 g - 2 scrolls of teleportation {unknown}
 h - a scroll of enchant weapon {unknown}
 i - 2 scrolls of fog {unknown}
 k - a scroll of magic mapping {unknown}
 m - 3 scrolls of identify {unknown}
 p - 5 scrolls of enchant armour {unknown}
Potions
 d - a potion of might
 f - 3 potions of heal wounds {unknown}
 j - a potion of brilliance {unknown}
 l - a potion of haste {unknown}
 r - 2 potions of curing {unknown}


   Skills:
 + Level 3.4 Fighting
 + Level 3.6 Axes
 + Level 3.7 Armour
 + Level 3.9 Shields


You had 3 spell levels left.
You didn't know any spells.
Your spell library was empty.

Dungeon Overview and Level Annotations

Branches:
Dungeon (3/15)

Altars:
Elyvilon


Innate Abilities, Weirdness & Mutations

You are resistant to damage.
You can heal yourself by infusing magical energy.
You passively map a small area around you.
You do not regenerate.


Message History

The giant cockroach bites you but does no damage.
You block the giant cockroach's attack.
You slash the giant cockroach!
You kill the giant cockroach!
Found a scroll labelled DAENAU NUZUU.
Found a golden potion.
p - 5 scrolls labelled DAENAU NUZUU (gained 1)
r - 2 golden potions (gained 1)
Found 13 gold pieces.
You now have 100 gold pieces (gained 13).
There is an open door here.
There is an open door here.
You open the door.
There is an open door here.
There is an open door here.
There is an open door here.
There is an open door here.
Items here: ) [ รทรท.
Done exploring.
There is an open door here.
There is a stone staircase leading down here.
You climb downwards.
Found 7 gold pieces.
There is a stone staircase leading up here.
A rat comes into view.
The rat twitches its whiskers.
You hit the rat but do no damage. The rat bites you but does no damage.
You slash the rat!
You kill the rat!
An adder comes into view.
You block the rat's attack.
You slash the rat!
You kill the rat!
You closely miss the adder. You block the adder's attack. The adder bites you.
You are poisoned.
The adder poisons you!
You hit the adder.
The adder is lightly wounded.
The adder bites you but does no damage. The adder bites you.
You die...

, , *
#...........
#..........#
#..........*
*
#........#*
**
##........##
,
#..........#
#....$S....#
#.....@....#
#..........#
#..........#
##.......<##
##......##
########


You could see an adder.

Vanquished Creatures
  An iguana (D:2)
  2 adders (D:2)
  2 worms (D:2)
  4 dart slugs
  3 bats (D:1)
  6 endoplasms
  4 giant cockroaches
  2 hobgoblins (D:1)
  A jackal (D:1)
  A kobold (D:2)
  A quokka (D:2)
  3 ball pythons
  8 goblins
  2 rats (D:3)
40 creatures vanquished.

Notes
Turn   | Place    | Note
-------+----------+-------------------------------------------
     0 | D:1      | Eitelfritz the Deep Dwarf Fighter began the quest for the
                  | Orb.
     0 | D:1      | Reached XP level 1. HP: 20/20 MP: 1/1
   280 | D:1      | Reached XP level 2. HP: 27/27 MP: 2/2
   678 | D:2      | Reached XP level 3. HP: 13/34 MP: 3/3
   731 | D:2      | Found a white marble altar of Elyvilon.
   752 | D:2      | Became a worshipper of Elyvilon the Healer
  1033 | D:2      | Reached XP level 4. HP: 6/42 MP: 4/4
  1192 | D:2      | HP: 2/42 [quokka (1)]
  1356 | D:3      | Slain by an adder

Illustrated notes

Levels and vault maps discovered:
D:1:      minmay_arrival_widening_spiral_wide, layout_rooms, minmay_distorted
D:2:      layout_basic, basic_altar, hex_intersection, minmay_misc_feat_enclosed
D:3:      layout_rooms

Skill      XL: |  1  2  3 |
---------------+----------+-----
Fighting       | 3 |  3.4
Axes           | 3 |  3.6
Armour         | |  3.7
Shields        | |  3.9

Action                   |  1- 3 |  4- 6 || total
-------------------------+-------+-------++-------
Melee: War axe           |   115 |    23 ||   138
 Abil: Heal Wounds       |     1 |       ||     1
Armor: Scale mail        |    57 |    12 ||    69
Dodge: Dodged            |    28 |     6 ||    34
Block: Kite shield       |    40 |     9 ||    49
